 Dungeon Crawl Stone Soup version 0.31-a0-640-g39d97e502b (webtiles) character file.

Game seed: 17027747762470970163

74 qw the Shooter (level 4, -3/28 HPs)
             Began as a Gargoyle Hunter on Aug 27, 2023.
             Slain by Terence
             ... wielding the +7 Throatcutter {drain, coup de grace}
              (7 damage)
             ... on level 2 of the Dungeon.
             The game lasted 00:00:36 (1074 turns).

qw the Shooter (Gargoyle Hunter)                    Turns: 1074, Time: 00:00:36

Health: -3/28      AC:  7    Str: 15    XL:     4   Next: 28%
Magic:  4/4        EV: 11    Int:  9    God:
Gold:   84         SH:  0    Dex: 15    Spells: 3/3 levels left

rFire   . . .        Y - +0 shortbow
rCold   . . .        (shield currently unavailable)
rNeg    + . .        c - +0 leather armour
rPois   inf          (no helmet)
rElec   +            (no cloak)
rCorr   .            h - +0 pair of gloves
SInv    .            (no boots)
Will    .....        (no amulet)
Stlth   ++           (no ring)
HPRegen 0.24/turn    (no ring)
MPRegen 0.09/turn

%: no passive effects
@: no status effects
A: sickness immunity, AC +3, negative energy resistance 1, electricity
resistance, torment resistance 1, petrification resistance
a: no special abilities


You were on level 2 of the Dungeon.
You visited 1 branch of the dungeon, and saw 2 of its levels.

You collected 84 gold pieces.


Innate Abilities, Weirdness & Mutations

You are immune to sickness and miasma.
Your stone body is resilient. (AC +3)
You are immune to poison.
You resist negative energy. (rN+)
You are resistant to electric shocks. (rElec)
You are resistant to unholy torment.
You are immune to petrification.


   Skills:
 - Level 3.5 Fighting
 + Level 5.0 Ranged Weapons
 - Level 1.5 Dodging
 - Level 1.1 Stealth


You had 3 spell levels left.
You didn't know any spells.
Your spell library was empty.

Inventory:

Hand Weapons
 Y - a +0 shortbow (weapon)
Armour
 c - a +0 leather armour (worn)
 h - a +0 pair of gloves (worn)
Jewellery
 b - a ring of protection from fire
Scrolls
 a - a scroll of fear {unknown}
 d - a scroll of teleportation {unknown}
Potions
 e - a potion of attraction {unknown}
 f - 3 potions of curing
 g - a potion of cancellation {unknown}

Dungeon Overview and Level Annotations

Branches:
Dungeon (2/15)

Altars:

Annotations:
D:2 Terence


Message History

Enter note:
Found a stone staircase leading up.
Enter note: You now have 84 gold pieces (gained 11).
A quokka comes into view.
You shoot an arrow. The arrow barely misses the quokka.
You shoot an arrow. The arrow barely misses the quokka.
You shoot an arrow. The arrow barely misses the quokka.
You shoot an arrow.
The arrow hits the quokka but does no damage.
You shoot an arrow. The arrow hits the quokka.
The quokka is heavily wounded.
The quokka closely misses you. x2
You shoot an arrow. The arrow hits the quokka.
You kill the quokka!
Found an escape hatch in the floor.
There is a stone staircase leading up here.
Found a stone staircase leading down.
Terence the Incautious comes into view.
He is wielding the +7 Throatcutter {drain, coup de grace}.
Found 10 gold pieces.
You shoot an arrow. The arrow hits Terence!
Terence is moderately wounded.
You shoot an arrow. The arrow hits Terence.
Terence is moderately wounded.
You shoot an arrow. The arrow hits Terence.
Terence is heavily wounded.
You shoot an arrow.
The arrow hits Terence but does no damage.
Terence is heavily wounded.
Terence hits you with the +7 Throatcutter {drain, coup de grace}!
You shoot an arrow.
The arrow hits Terence but does no damage.
Terence is heavily wounded.
Terence misses you.
You shoot an arrow. The arrow barely misses Terence.
Terence hits you with the +7 Throatcutter {drain, coup de grace}!
Ouch! That really hurt!
You shoot an arrow. The arrow barely misses Terence.
Terence hits you with the +7 Throatcutter {drain, coup de grace}!
You die...

### ## # .... ..
###.####.##.# #.
.........##.# #.
.$....@..##.########.##
#@# #...........## #.#
#..# #.... #.###..#
##..# ####......####
#..#
........>.......#####..#
..#########.###....##..#
........# #.##....#.
#######.###.#####..#
#...........##


You could see Terence.

Vanquished Creatures
  Natasha (D:2)
  2 adders (D:2)
  A worm (D:2)
  2 ball pythons (D:1)
  2 endoplasms
  2 goblins (D:1)
  4 hobgoblins
  2 jackals (D:1)
  4 kobolds
  2 quokkas
  2 bats
  2 frilled lizards (D:1)
  2 rats (D:1)
28 creatures vanquished.

Notes
Turn   | Place    | Note
-------+----------+-------------------------------------------
     0 | D:1      | qw the Gargoyle Hunter began the quest for the Orb.
     0 | D:1      | Reached XP level 1. HP: 12/12 MP: 1/1
     0 | D:1      | 0 ||| qw: Version: 0.3-a-74-g0d5e918
     0 | D:1      | 0 ||| qw: Game counter: 96
     0 | D:1      | 0 ||| qw: Melee chars always use a shield: true
     0 | D:1      | 0 ||| qw: God list: Okawaru
     0 | D:1      | 0 ||| qw: Allow faded altars: false
     0 | D:1      | 0 ||| qw: Do Orc after clearing Dungeon:15 true
     0 | D:1      | 0 ||| qw: Do second Lair branch before Depths: true
     0 | D:1      | 0 ||| qw: Lair rune preference: random
     0 | D:1      | 0 ||| qw: Goals: Normal
     0 | D:1      | 0 ||| PLANNING D:1-11
   122 | D:1      | Reached XP level 2. HP: 17/17 MP: 2/2
   669 | D:1      | 669 ||| UPGRADING to +0 pair of gloves.
   674 | D:1      | 674 ||| READING scroll labelled POOLYIGAIC.
   675 | D:1      | 675 ||| DRINKING 2 bubbling brown potions.
   676 | D:1      | 676 ||| DROPPING scroll of butterflies.
   712 | D:2      | Reached skill level 5 in Ranged Weapons
   712 | D:2      | Reached XP level 3. HP: 20/21 MP: 3/3
   840 | D:2      | Noticed Natasha
   843 | D:2      | 843 ||| RETREATING.
   872 | D:2      | Killed Natasha
   873 | D:2      | Reached skill level 3 in Fighting
   873 | D:2      | Reached XP level 4. HP: 28/28 MP: 4/4
  1067 | D:2      | Noticed Terence
  1073 | D:2      | HP: 4/28 [Terence/the +7 Throatcutter {drain, coup de
                  | grace} (16)]
  1074 | D:2      | Slain by Terence

Levels and vault maps discovered:
D:1:      beargit_arrival_greenhouse, layout_basic
D:2:      layout_loops_ring, uniq_terence, uniq_natasha

Skill      XL: |  1  2  3 |
---------------+----------+-----
Ranged Weapons | 5 |  5.0
Fighting       | 3 |  3.5
Dodging        | |  1.5
Stealth        | |  1.1

Action                     |  1- 3 |  4- 6 || total
---------------------------+-------+-------++-------
   Fire: Shortbow          |    90 |    13 ||   103
    Use: Scroll            |     1 |       ||     1
         Potion            |     1 |       ||     1
 Armour: Leather armour    |    11 |       ||    11
  Dodge: Dodged            |    14 |     3 ||    17

Table legend:
 A = Non-vault XP
 B = Vault XP
 C = Vault XP percentage of total XP
 D = Non-vault monster count
 E = Vault monster count
 F = Vault count percentage of total count
                 A         B        C        D         E       F
            +---------+---------+-------+---------+---------+-------
      Total |      71 |      35 |  33.0 |      27 |       1 |   3.6
            +---------+---------+-------+---------+---------+-------
        D:1 |      29 |       0 |   0.0 |      18 |       0 |   0.0
        D:2 |      42 |      35 |  45.5 |       9 |       1 |  10.0
            +---------+---------+-------+---------+---------+-------
